[Event "*** SCC Grand Prix: Titled Tuesday Blitz"]
[Site "Chess.com"]
[Date "2020.09.29"]
[Round "10"]
[White "cassoulet"]
[Black "Evandro_Barbosa"]
[Result "1-0"]
[WhiteElo "2645"]
[BlackElo "2715"]
[TimeControl "180+1"]
[EndTime "11:55:10 PDT"]
[Termination "cassoulet won on time"]

1. e4 c5 2. Nf3 Nc6 3. Bb5 e6 4. Bxc6 bxc6 5. e5 Ne7 6. b3 Ng6 7. Bb2 Be7 8. d3 O-O 9. Nbd2 f6 10. Qe2 Qc7 11. exf6 gxf6 12. O-O e5 13. Ne4 d6 14. Ng3 Nf4 15. Qe3 Kh8 16. Nh4 Rg8 17. Rfe1 Be6 18. c4 Qd7 19. Rad1 Bg4 20. f3 Be6 21. Rd2 Rg7 22. d4 cxd4 23. Rxd4 Ng6 24. Nxg6+ Rxg6 25.
Rd2 Rag8 26. f4 R6g7 27. fxe5 fxe5 28. Bxe5 dxe5 29. Rxd7 Bxd7 30. Qxe5 Be8 31. Nf5 1-0

[Event "*** SCC Grand Prix: Titled Tuesday Blitz"]
[Site "Chess.com"]
[Date "2020.09.29"]
[Round "10"]
[White "checkmatequen"]
[Black "awesomevishesh"]
[Result "0-1"]
[WhiteElo "2303"]
[BlackElo "2426"]
[TimeControl "180+1"]
[EndTime "11:55:10 PDT"]
[Termination "awesomevishesh won by checkmate"]

1. e4 c5 2. Nf3 d6 3. d4 cxd4 4. Nxd4 Nf6 5. Nc3 a6 6. Bg5 e6 7. f4 h6 8. Bh4 Qb6 9. a3 Be7 10.
Bf2 Qc7 11. Qf3 Nbd7 12. O-O-O b5 13. g4 Bb7 14. Bg2 g5 15. h4 gxf4 16. Qxf4 e5 17. Ndxb5 axb5 18. Nxb5 Qc6 19. Nxd6+ Bxd6 20. Qf5 Rc8 21. Rd2 Bc5 22. Bxc5 Nxc5 23. Rhd1 Nb3+ 24. Kb1 Nxd2+ 25. Rxd2 Qe6 26. Qf1 Nxg4 27. Bh3 h5 28.
Qb5+ Bc6 29. Qa6 Bxe4 30. Rd6 Bxc2+ 31. Ka1 Qc4 32. Qa7 Qc7 33. Qa6 Bf5 34. Bg2 Qc1+ 35. Ka2 Bb1+ 36. Kb3 Qc2+ 37. Kb4 Qxb2+ 38. Ka5 Rc5+ 39.
Ka4 Bc2# 0-1

[Event "*** SCC Grand Prix: Titled Tuesday Blitz"]
[Site "Chess.com"]
[Date "2020.09.29"]
[Round "10"]
[White "Djager97"]
[Black "TC2304"]
[Result "1-0"]
[WhiteElo "2475"]
[BlackElo "2322"]
[TimeControl "180+1"]
[EndTime "11:55:13 PDT"]
[Termination "Djager97 won by resignation"]

1. e4 c5 2. Nf3 d6 3. d4 cxd4 4. Nxd4 Nf6 5. Nc3 a6 6. Bg5 e6 7. f4 Nbd7 8. Qf3 Qc7 9. O-O-O b5 10. e5 Bb7 11. Qh3 dxe5 12. Nxe6 fxe6 13. Qxe6+ Be7 14. Bxb5 axb5 15. Nxb5 Qb6 16. Nd6+ Kd8 17. Nxb7+ Qxb7 18. Bxf6 gxf6 19. Rxd7+ Qxd7 20. Rd1 Qxd1+ 21. Kxd1 exf4 22. a4 Ra7 23. Qb6+ Rc7 24. c4 Kc8 25. b3 Rg8 26. Qe6+ Rd7+ 27. Ke2 Rxg2+ 28. Kf3 Rxh2 29. a5 Rh3+ 30.
Qxh3 Kc7 31. Qf5 Rd6 32. c5 Rd2 33. Qxf4+ 1-0

[Event "*** SCC Grand Prix: Titled Tuesday Blitz"]
[Site "Chess.com"]
[Date "2020.09.29"]
[Round "10"]
[White "artichaud"]
[Black "korkmaz16"]
[Result "0-1"]
[WhiteElo "2213"]
[BlackElo "2336"]
[TimeControl "180+1"]
[EndTime "11:55:17 PDT"]
[Termination "korkmaz16 won on time"]

1. e4 d5 2. exd5 Nf6 3. d4 Bg4 4. Be2 Bxe2 5. Qxe2 Qxd5 6. Nf3 Nc6 7. c4 Qf5 8. Nc3 e6 9. d5 Nb4 10. O-O O-O-O 11. dxe6 fxe6 12. Ng5 Nc2 13. Rb1 Nd4 14. Qe3 Bc5 15. Qh3 Ng4 16. Nge4 Ne2+ 17. Nxe2 Qxe4 18.
Nc3 Qf5 19. Qf3 Qxf3 20. gxf3 Ne5 21. Ne4 Bd4 22. Kg2 Nxc4 23. Rd1 Bf6 24. Bf4 e5 25. b3 Nd6 0-1

[Event "*** SCC Grand Prix: Titled Tuesday Blitz"]
[Site "Chess.com"]
[Date "2020.09.29"]
[Round "10"]
[White "SharapovEvgeny"]
[Black "maxip32"]
[Result "0-1"]
[WhiteElo "2466"]
[BlackElo "2367"]
[TimeControl "180+1"]
[EndTime "11:55:18 PDT"]
[Termination "maxip32 won by resignation"]

1. c4 g6 2. Nc3 Bg7 3. g3 d6 4.
Bg2 e5 5. e3 f5 6. Nge2 Nf6 7. d3 O-O 8. O-O a5 9. Rb1 c6 10. a3 Be6 11. b4 axb4 12. axb4 d5 13. cxd5 cxd5 14. d4 e4 15. Nf4 Bf7 16. h4 Nbd7 17.
Qb3 Nb6 18. Bb2 h6 19. Ra1 Qd7 20. Rxa8 Rxa8 21. Ra1 Rxa1+ 22. Bxa1 g5 23. hxg5 hxg5 24. Nh3 Bh6 25. b5 Be6 26. Kh2 Ng4+ 27. Kg1 Nf6 28.
Kh2 f4 29. exf4 gxf4 30. Nxf4 Bxf4 31. gxf4 Qh7+ 32. Kg1 Ng4 33. Ne2 e3 34. fxe3 Nc4 0-1

[Event "*** SCC Grand Prix: Titled Tuesday Blitz"]
[Site "Chess.com"]
[Date "2020.09.29"]
[Round "10"]
[White "OK97"]
[Black "tdf98pantani"]
[Result "0-1"]
[WhiteElo "2767"]
[BlackElo "2654"]
[TimeControl "180+1"]
[EndTime "11:55:19 PDT"]
[Termination "tdf98pantani won by resignation"]

1. d4 Nf6 2. c4 g6 3. Nc3 Bg7 4. Nf3 O-O 5. g3 c6 6. Bg2 d5 7. cxd5 cxd5 8. Ne5 e6 9. O-O Nfd7 10. Nf3 Nc6 11. Bf4 b6 12. Rc1 Bb7 13. Qd2 a6 14. Rfd1 Rc8 15. Bg5 f6 16. Bh6 Ne7 17. Bxg7 Kxg7 18.
Re1 Nf5 19. e4 Nd6 20. exd5 exd5 21. Re6 Ne4 22. Nxe4 dxe4 23. Rxc8 Qxc8 24. Nh4 Bd5 25. Rd6 Qb7 26. Qf4 Rf7 27. Bh3 Nf8 28. Rd8 Be6 29. Bg2 Bd5 30. Qd6 Bxa2 31. d5 Qe7 32.
Qxb6 Qe5 33. d6 Rd7 34. Rxd7+ Nxd7 35. Qc7 Be6 36. b4 e3 37. Qc1 e2 38. Nf3 Qxd6 39.
Qe1 Qd1 40. h4 Ne5 0-1

[Event "*** SCC Grand Prix: Titled Tuesday Blitz"]
[Site "Chess.com"]
[Date "2020.09.29"]
[Round "10"]
[White "ajkom197"]
[Black "belisarius64"]
[Result "0-1"]
[WhiteElo "2474"]
[BlackElo "2670"]
[TimeControl "180+1"]
[EndTime "11:55:19 PDT"]
[Termination "belisarius64 won by resignation"]

1. c4 g6 2. g3 Bg7 3. Bg2 d6 4. e3 e5 5. Ne2 f5 6. Nbc3 Nf6 7. O-O O-O 8. b4 a5 9. bxa5 Rxa5 10. d4 e4 11. Qb3 b6 12. Bd2 Be6 13. d5 Bd7 14. a4 Na6 15. Nb5 Nc5 16. Qc2 Ra6 17.
Ned4 Ng4 18. a5 f4 19. axb6 Rxa1 20. Rxa1 fxe3 21. Bxe3 cxb6 22. Ra7 Nxe3 23. fxe3 Qg5 24. Qe2 Bh6 25. Nc2 Bg4 26. Qe1 Qe5 27. h3 Bd7 28.
Nbd4 Nd3 29. Qe2 Rf7 30. Ne6 Bxe6 31. dxe6 Rxa7 32. Nd4 Qxg3 0-1

[Event "*** SCC Grand Prix: Titled Tuesday Blitz"]
[Site "Chess.com"]
[Date "2020.09.29"]
[Round "10"]
[White "Mbneu"]
[Black "Shuvalov"]
[Result "1/2-1/2"]
[WhiteElo "2313"]
[BlackElo "2419"]
[TimeControl "180+1"]
[EndTime "11:55:19 PDT"]
[Termination "Game drawn - insufficient material"]

1. d4 d5 2. c4 c5 3. e3 cxd4 4.
exd4 Nf6 5. Nc3 Nc6 6. Nf3 Bg4 7. Be2 dxc4 8. d5 Bxf3 9. Bxf3 Ne5 10. O-O g6 11.
Re1 Nxf3+ 12. Qxf3 Bg7 13. d6 Qxd6 14. Bf4 Qc6 15.
Qxc6+ bxc6 16. Bd6 e6 17. Rac1 Nd5 18. Na4 Nb6 19.
Nxb6 axb6 20. Rxc4 Rxa2 21. Rxc6 Kd7 22. Rxb6 Rxb2 23.
Ra6 Rc8 24. Rd1 Rd2 25. Ra7+ Kd8 26. Bc7+ Rxc7 27. Rxd2+ Kc8 28. Ra8+ Kb7 29. Rad8 Rc1+ 30. Rd1 Rxd1+ 31. Rxd1 Kc7 32. g3 h5 33. Kg2 Be5 34.
Kf3 Bd6 35. g4 Bxh2 36. gxh5 gxh5 37. Rh1 Bd6 38. Rxh5 Kd7 39. Rh7 Ke7 40. Ke4 Bc7 41.
f4 Bd6 42. f5 exf5+ 43. Kxf5 Bc5 44. Rxf7+ Kxf7 1/2-1/2

[Event "*** SCC Grand Prix: Titled Tuesday Blitz"]
[Site "Chess.com"]
[Date "2020.09.29"]
[Round "10"]
[White "MomchilPetkov"]
[Black "TrimitziosP7"]
[Result "0-1"]
[WhiteElo "2627"]
[BlackElo "2849"]
[TimeControl "180+1"]
[EndTime "11:55:20 PDT"]
[Termination "TrimitziosP7 won on time"]

1. e4 e5 2. Nf3 Nf6 3. d4 Nxe4 4. Bd3 d5 5. Nxe5 Bd6 6. O-O O-O 7. c4 c6 8. Nc3 Nxc3 9. bxc3 Be6 10. cxd5 cxd5 11. Rb1 b6 12. Qh5 g6 13. Qh6 Nd7 14. Bg5 Be7 15.
Bxe7 Qxe7 16. Rfe1 Nxe5 17. Rxe5 Rac8 18. Rbe1 Qf6 19. Qd2 Rc7 20. R1e3 Rfc8 21. Bb1 b5 22. a3 a5 23. Rf3 Qe7 24. h3 Qxa3 25. c4 Qa1 26.
Re1 Rxc4 27. Kh2 Qxd4 28. Qxa5 b4 29. Bd3 Rc3 30. Qa6 R3c6 31. Qb5 Qb6 32. Qa4 b3 33.
Bb1 b2 0-1

[Event "*** SCC Grand Prix: Titled Tuesday Blitz"]
[Site "Chess.com"]
[Date "2020.09.29"]
[Round "10"]
[White "Roza_Idrisova"]
[Black "Godzillator"]
[Result "0-1"]
[WhiteElo "2145"]
[BlackElo "2334"]
[TimeControl "180+1"]
[EndTime "11:55:22 PDT"]
[Termination "Godzillator won by resignation"]

1. d4 d5 2. Nf3 Nf6 3. Bg5 Ne4 4. Bf4 c6 5. c3 Bf5 6. Nbd2 Nd7 7. e3 Ndf6 8. Be2 e6 9. O-O h6 10. h3 Bd6 11. Bxd6 Nxd6 12. Ne5 O-O 13. Ndf3 Nfe4 14.
b4 Nxc3 15. Qe1 Nxe2+ 16. Qxe2 Ne4 17. Rfc1 Qd6 18. a4 Qxb4 19. Rcb1 Qe7 20. Qb2 Rfb8 21. Qb4 Qxb4 22. Rxb4 Nd6 23. Ra2 Rd8 24. Rab2 Rac8 25. a5 c5 26. dxc5 Rxc5 27. Nd4 Rxa5 28. Nxf5 exf5 29.
Rc2 f6 30. Nf3 Rd7 31. Nd4 g6 32. h4 h5 33. g3 Kf7 34. Kg2 Nc4 35. Kf3 b6 36.
Ne2 Ne5+ 37. Kg2 Nd3 38. Rb1 Rc5 39. Rd2 Ne5 40. Nf4 b5 41. Rbd1 g5 42. hxg5 fxg5 43.
Nxd5 Nc4 44. Rd4 a5 45. Kg1 b4 46. Rc1 Rdxd5 47. Rdxc4 Rxc4 48. Rxc4 Rb5 49. Rc1 b3 50. Kf1 b2 51. Rb1 a4 52. Ke2 a3 53. Kd2 a2 0-1

[Event "*** SCC Grand Prix: Titled Tuesday Blitz"]
[Site "Chess.com"]
[Date "2020.09.29"]
[Round "10"]
[White "Lion-Al-Messi"]
[Black "KacperPolOK"]
[Result "1-0"]
[WhiteElo "2539"]
[BlackElo "2394"]
[TimeControl "180+1"]
[EndTime "11:55:24 PDT"]
[Termination "Lion-Al-Messi won by resignation"]

1. e4 c5 2. Nf3 Nc6 3. d4 cxd4 4. Nxd4 e5 5. Nb5 d6 6. N1c3 a6 7. Na3 b5 8. Nd5 Nge7 9. Bg5 Rb8 10. Be2 h6 11. Bf6 Be6 12. O-O Bxd5 13. Bxe7 Nxe7 14. exd5 g6 15. c4 b4 16. Nc2 Bg7 17. f4 exf4 18. Rxf4 Bxb2 19. Rb1 Bc3 20. Bd3 O-O 21. Qf3 f5 22.
Rf1 Kh7 23. Kh1 a5 24. g4 Be5 25. gxf5 Bxf4 26. fxg6+ Kg7 27. Nd4 Qb6 28. Ne6+ Kg8 29.
g7 Rf6 30. Nxf4 Qd4 31. Qg4 b3 32. axb3 Rxb3 33. Qd7 Rxf4 34. Qe8+ Kxg7 35. Qxe7+ Kg8 36. Qe6+ Kg7 37. Rg1+ Qxg1+ 38. Kxg1 Rxd3 39. Qe7+ Rf7 40. Qxd6 Rdf3 41. Qe5+ Kg6 42. Qe4+ Kg5 43. d6 Rf1+ 44. Kg2 R1f2+ 45. Kg3 R7f3+ 46. Qxf3 Rxf3+ 47. Kxf3 Kf6 48. Ke4 a4 49. Kd3 Ke6 50. c5 1-0

[Event "*** SCC Grand Prix: Titled Tuesday Blitz"]
[Site "Chess.com"]
[Date "2020.09.29"]
[Round "10"]
[White "Justinz"]
[Black "Belka1989"]
[Result "1-0"]
[WhiteElo "2431"]
[BlackElo "2290"]
[TimeControl "180+1"]
[EndTime "11:55:24 PDT"]
[Termination "Justinz won by resignation"]

1. e4 c5 2. Nf3 d6 3. d4 cxd4 4. Nxd4 Nf6 5. Nc3 a6 6. Rg1 e5 7. Nb3 h5 8. Bg5 Be6 9. Nd5 Bxd5 10. exd5 Be7 11. c4 Nbd7 12. Bd3 Nxd5 13. Bxe7 Nxe7 14. Qe2 Qc7 15. O-O-O O-O-O 16. Kb1 Nc5 17. Nxc5 Qxc5 18. f4 Nc6 19. Rgf1 Nd4 20. Qe3 f6 21. Be4 Kb8 22. Bd5 h4 23. g3 hxg3 24. hxg3 Rh2 25. Rf2 Rdh8 26. Rxh2 Rxh2 27. Rd2 Rh3 28. fxe5 dxe5 29. Qd3 Ka7 30. a3 a5 31. Qg6 Nb3 32. Rd1 Qe7 33.
Qg4 Rh2 34. Ka2 a4 35. Qc8 Nc5 36. Bf3 e4 37. Bg4 Nb3 38. Rd7 Qxd7 39. Qxd7 Rh1 40. Qxa4+ Kb8 41. Kxb3 e3 42. Qe8+ Ka7 43. Qxe3+ 1-0

[Event "*** SCC Grand Prix: Titled Tuesday Blitz"]
[Site "Chess.com"]
[Date "2020.09.29"]
[Round "10"]
[White "Sacbutt"]
[Black "profofchess"]
[Result "0-1"]
[WhiteElo "2274"]
[BlackElo "2366"]
[TimeControl "180+1"]
[EndTime "11:55:24 PDT"]
[Termination "profofchess won by resignation"]

1. e4 e6 2. d4 d5 3. exd5 exd5 4. Bd3 Nc6 5. Nf3 Bg4 6. c3 Bd6 7. O-O Nge7 8. Bg5 f6 9. Bh4 Qd7 10. Bg3 g5 11. Nbd2 O-O-O 12. b4 Rde8 13. Nb3 h5 14. b5 Nd8 15. Bxd6 cxd6 16. a4 h4 17. a5 Kb8 18. a6 b6 19. Rb1 h3 20. g3 Ne6 21.
Ne5 dxe5 22. Qxg4 e4 23. Bxe4 dxe4 24. Qxe4 Qd5 25. Rfe1 Qxe4 26. Rxe4 Nc7 27. c4 Nf5 28. Rbe1 Rxe4 29. Rxe4 Nd6 30. Re7 Re8 31. Rxe8+ Ncxe8 32. Nd2 Nf5 33. Nb3 Ned6 34. c5 Nxb5 35. cxb6 axb6 36. d5 Ka7 37. f4 g4 38. Nd2 Nbd6 39. Nb3 Kxa6 0-1

[Event "*** SCC Grand Prix: Titled Tuesday Blitz"]
[Site "Chess.com"]
[Date "2020.09.29"]
[Round "10"]
[White "Marcin"]
[Black "ajdemipopushi"]
[Result "0-1"]
[WhiteElo "2466"]
[BlackElo "2374"]
[TimeControl "180+1"]
[EndTime "11:55:25 PDT"]
[Termination "ajdemipopushi won on time"]

1. d4 Nf6 2. c4 c5 3. d5 b5 4. cxb5 a6 5. bxa6 Bxa6 6. Nc3 g6 7. e4 Bxf1 8. Kxf1 d6 9. Nf3 Bg7 10. g3 Nbd7 11. Kg2 O-O 12. a4 Ra6 13. Ra3 Qa8 14.
Qe2 Nb6 15. b3 Rc8 16. Nd2 Nfd7 17. Bb2 c4 18. Nxc4 Nxc4 19. bxc4 Nb6 20. Ra2 Nxc4 21. Ba1 Nb6 22. Qd3 Nxa4 23. Rxa4 Rxa4 24. Nxa4 Qxa4 25.
Bxg7 Kxg7 26. Re1 f6 27. Re2 Rc4 28. h4 h5 29. Qe3 Rd4 30. f3 Qc4 31. Rd2 Rxd2+ 32.
Qxd2 Qb3 33. Qf2 Qd3 34. Qa7 Kf7 35. Qb6 f5 0-1

[Event "*** SCC Grand Prix: Titled Tuesday Blitz"]
[Site "Chess.com"]
[Date "2020.09.29"]
[Round "10"]
[White "Harry_Rakkel"]
[Black "SanchezKelvin"]
[Result "1-0"]
[WhiteElo "2557"]
[BlackElo "2399"]
[TimeControl "180+1"]
[EndTime "11:55:26 PDT"]
[Termination "Harry_Rakkel won on time"]

1. d4 Nf6 2. c4 g6 3. Nc3 Bg7 4. e4 d6 5. f3 O-O 6. Nge2 c5 7. d5 e6 8. Ng3 exd5 9. cxd5 a6 10. a4 Qa5 11. Bd2 Qc7 12. Be2 Nbd7 13. O-O Re8 14. Qc1 Rb8 15. Bh6 Bh8 16. Kh1 c4 17. Qf4 b5 18.
axb5 axb5 19. Qh4 b4 20. Nd1 c3 21. bxc3 bxc3 22. Rc1 Rb3 23. Ne3 Qd8 24. Bg5 Qb6 25.
Nef5 Ba6 26. Be3 Qa5 27. Nxd6 Bxe2 28. Nxe2 Ra8 29. Nd4 Ra3 30. Nc6 Qc7 31. Bf4 Nh5 32. Bh6 Qxd6 33. Ne7+ Qxe7 34. Qxe7 Ne5 35. d6 Bf6 36.
Qc7 Nd3 37. g4 Ng7 38. d7 Ne6 39. Qc8+ Nd8 40. g5 Be7 41. Rxc3 1-0

[Event "*** SCC Grand Prix: Titled Tuesday Blitz"]
[Site "Chess.com"]
[Date "2020.09.29"]
[Round "10"]
[White "dopolian"]
[Black "Sueetin"]
[Result "0-1"]
[WhiteElo "2427"]
[BlackElo "2316"]
[TimeControl "180+1"]
[EndTime "11:55:26 PDT"]
[Termination "Sueetin won by checkmate"]

1. Nf3 d5 2. c4 d4 3. e3 Nc6 4.
exd4 Nxd4 5. Nxd4 Qxd4 6. d3 e5 7.
Nc3 Ne7 8. Be3 Qd8 9. d4 Nf5 10.
dxe5 Nxe3 11. Qxd8+ Kxd8 12. fxe3 c6 13. Bd3 g6 14.
Ne4 Bg7 15. Nf6 Ke7 16. O-O Ke6 17. c5 Rd8 18. Rad1 Kxe5 19. Ne4 Bg4 20. Rd2 Rxd3 21. Rxd3 Kxe4 22. Rb3 Be6 23. Rxb7 a5 24. a3 a4 25.
Rc7 Bd5 26. Rf2 Be5 27. Re7 Be6 28. Rd2 Rb8 29. Ra7 Kxe3 30. Rc2 Rd8 31. Rxa4 Rd1# 0-1

[Event "*** SCC Grand Prix: Titled Tuesday Blitz"]
[Site "Chess.com"]
[Date "2020.09.29"]
[Round "10"]
[White "QuintilianoR"]
[Black "Kumi29"]
[Result "0-1"]
[WhiteElo "2589"]
[BlackElo "2434"]
[TimeControl "180+1"]
[EndTime "11:55:27 PDT"]
[Termination "Kumi29 won on time"]

1. d4 Nf6 2. c4 e5 3. dxe5 Ng4 4. Bf4 Nc6 5. Nf3 Bb4+ 6. Nc3 Bxc3+ 7. bxc3 Qe7 8. Qd5 f6 9. exf6 Nxf6 10. Qd3 d6 11. e3 Ne5 12. Qc2 b6 13. Be2 Bb7 14. Rd1 O-O-O 15. Nd4 Kb8 16. O-O Rdg8 17. a4 a5 18. Bg3 g5 19. Qf5 Nfd7 20. Nb5 h5 21.
f3 h4 22. Bf2 Rf8 23. Qc2 Nc5 24. e4 g4 25. Nd4 gxf3 26. gxf3 Rhg8+ 27. Kh1 Nxf3 28.
Bxf3 Rxf3 29. Nxf3 Bxe4 30. Qe2 Rf8 0-1

[Event "*** SCC Grand Prix: Titled Tuesday Blitz"]
[Site "Chess.com"]
[Date "2020.09.29"]
[Round "10"]
[White "Margarita2907"]
[Black "northridgehawk"]
[Result "1-0"]
[WhiteElo "2208"]
[BlackElo "2293"]
[TimeControl "180+1"]
[EndTime "11:55:27 PDT"]
[Termination "Margarita2907 won by resignation"]

1. e4 e5 2. Nf3 Nc6 3. Bc4 Nf6 4.
d3 Bc5 5. O-O d6 6. c3 a6 7. a4 Ba7 8. Nbd2 h6 9. h3 g5 10.
Nh2 g4 11. hxg4 Rg8 12. Qf3 Qe7 13. Nb3 Nxg4 14. Nxg4 Bxg4 15. Qg3 O-O-O 16. Qh2 h5 17. Be3 h4 18. Bxa7 Nxa7 19. f3 Bd7 20. Kf2 Rg7 21. d4 Rdg8 22. Rg1 Nc6 23. d5 Nd8 24. Nc1 f5 25. Bd3 Qg5 26. Ne2 fxe4 27. Bxe4 Nf7 28. g3 hxg3+ 29. Rxg3 Qd2 30. Rag1 Rh8 31. Qxh8+ Nxh8 32.
Rxg7 Nf7 33. Rxf7 b5 34. Rg8+ Kb7 35. Rxd7 bxa4 36. Rgg7 Qxb2 37. Rxc7+ Kb8 38. Rcf7 Qb6+ 39. Kg2 Qc7 40. Rxc7 1-0

[Event "*** SCC Grand Prix: Titled Tuesday Blitz"]
[Site "Chess.com"]
[Date "2020.09.29"]
[Round "10"]
[White "goldenpuppy"]
[Black "valeriocarnicelli"]
[Result "0-1"]
[WhiteElo "2401"]
[BlackElo "2544"]
[TimeControl "180+1"]
[EndTime "11:55:29 PDT"]
[Termination "valeriocarnicelli won by resignation"]

1. e4 e5 2. Nf3 Nc6 3. d4 exd4 4. Nxd4 Nf6 5. Nc3 Bb4 6. Nxc6 bxc6 7. Bd3 d5 8. exd5 cxd5 9. Qe2+ Qe7 10. Qxe7+ Kxe7 11. O-O c6 12. Bd2 Bd6 13. Rfe1+ Be6 14. f4 g6 15. f5 gxf5 16. Bxf5 Kd7 17. Bd3 Rhg8 18. Ne2 Ng4 19. Bf4 Bc5+ 20. Kf1 Ne3+ 21. Bxe3 Bxe3 22. Ng3 Bc5 23.
Nh5 Be7 24. Nf4 h6 25. Nxe6 fxe6 26. c4 Raf8+ 27. Kg1 Bc5+ 28. Kh1 Rf2 29. g3 Rxb2 30.
cxd5 cxd5 31. a4 Kd6 32. Rad1 Rf8 33. Re2 Rf2 34. Rxb2 Rxb2 35. Rb1 Ra2 36. Bb5 e5 37. g4 e4 38. h4 Ke5 39. g5 hxg5 40. hxg5 Kf5 41.
a5 Kxg5 42. a6 Kf4 43. Rf1+ Ke5 44. Bc4 Rf2 45. Rxf2 Bxf2 46. Bb5 d4 47. Kg2 Bh4 48. Kf1 d3 49. Kg2 Kd4 0-1

[Event "*** SCC Grand Prix: Titled Tuesday Blitz"]
[Site "Chess.com"]
[Date "2020.09.29"]
[Round "10"]
[White "lucachess49"]
[Black "MisiekZielony"]
[Result "1-0"]
[WhiteElo "2389"]
[BlackElo "2252"]
[TimeControl "180+1"]
[EndTime "11:55:29 PDT"]
[Termination "lucachess49 won on time"]

1. d4 d5 2. c4 c6 3. Nc3 Nf6 4. e3 g6 5. Nf3 Bg7 6. Be2 O-O 7. O-O Bg4 8. cxd5 cxd5 9. b3 Nc6 10. a4 Re8 11.
Ba3 e6 12. Nb5 Bf8 13. Bxf8 Rxf8 14. h3 Bxf3 15. Bxf3 a6 16. Nc3 Rc8 17. Na2 Qb6 18. Qd2 Na5 19. Nc1 Rc7 20. b4 Nc4 21. Qe1 a5 22. b5 Qd6 23. Nb3 b6 24. Nc1 Ne4 25.
Bxe4 dxe4 26. Ne2 Nb2 27. Qb1 Nd3 28. f3 exf3 29. Rxf3 Nb4 30. Qe4 f5 31. Qh4 e5 32.
Raf1 e4 33. Rg3 Nd3 34. Rg5 Rcf7 35. Qh6 1-0

[Event "*** SCC Grand Prix: Titled Tuesday Blitz"]
[Site "Chess.com"]
[Date "2020.09.29"]
[Round "10"]
[White "TST2014"]
[Black "RobertoJBM"]
[Result "0-1"]
[WhiteElo "2577"]
[BlackElo "2721"]
[TimeControl "180+1"]
[EndTime "11:55:30 PDT"]
[Termination "RobertoJBM won by resignation"]

1. d4 d5 2. c4 c6 3. Nf3 Nf6 4. Nc3 dxc4 5. a4 Bf5 6. Ne5 Nbd7 7. Nxc4 Nb6 8. Ne5 a5 9. f3 Nfd7 10. Nxd7 Nxd7 11. e4 Bg6 12. Be3 Qb6 13. Ra3 e5 14. Rb3 Bb4 15. Qd2 Qc7 16. Bc4 O-O 17. O-O Rfd8 18.
Qf2 exd4 19. Bxd4 Ne5 20. Bb6 Qd6 21. Rd1 Nxc4 22. Rxd6 Rxd6 23. Bc5 Rd2 24. Ne2 Rd1+ 25. Qe1 Rxe1+ 26. Kf2 Rxe2+ 27. Kxe2 Bxc5 28. Rxb7 h5 29. b3 Ne5 30. f4 Ng4 31. f5 Bh7 32. h3 Ne5 33.
Kd2 f6 34. Kc2 Kf8 35. Kd2 Bg8 36. Kc2 Bf7 37. g3 Be8 38. Kd2 Bd7 39. Kc2 Ke7 40. Kd2 Kd8 41. Kc2 Kc8 42. Rxd7 Kxd7 43. g4 hxg4 44. hxg4 Nxg4 45. b4 Ne5 46. bxc5 Rb8 47. Kc3 Rb4 48. Kd2 Rxe4 49. Kc3 Rxa4 50. Kb3 0-1

[Event "*** SCC Grand Prix: Titled Tuesday Blitz"]
[Site "Chess.com"]
[Date "2020.09.29"]
[Round "10"]
[White "Anton_Demchenko"]
[Black "ChessWarrior7197"]
[Result "1-0"]
[WhiteElo "2859"]
[BlackElo "2948"]
[TimeControl "180+1"]
[EndTime "11:55:31 PDT"]
[Termination "Anton_Demchenko won by checkmate"]

1. d4 d5 2. Nf3 e6 3. Bf4 c5 4. e3 Nc6 5. Nbd2 Bd6 6. dxc5 Bxc5 7. Be2 Nge7 8. O-O O-O 9. c4 b6 10. a3 a5 11. cxd5 Nxd5 12. Bg3 Bb7 13. Rc1 Be7 14. Qa4 Rc8 15. Rfd1 Na7 16. Ne5 Rxc1 17. Rxc1 Nxe3 18.
Ndf3 Nf5 19. Bf4 b5 20. Bxb5 Qb6 21. Bd3 Bxf3 22. Nxf3 Qxb2 23. Rb1 Qxa3 24. Qe4 Nc8 25. h3 Ncd6 26. Qe2 Rd8 27. Ne5 Bf6 28. Nc6 Rc8 29. Na7 Ra8 30. Qf3 Re8 31. g4 e5 32. Bc1 Qa2 33.
Bxf5 e4 34. Qb3 Qe2 35. Be3 Nxf5 36. gxf5 Qf3 37. Qb5 Rd8 38. Bb6 Rd3 39. Qe8# 1-0

[Event "*** SCC Grand Prix: Titled Tuesday Blitz"]
[Site "Chess.com"]
[Date "2020.09.29"]
[Round "10"]
[White "paulrusan"]
[Black "Skatchkov_V"]
[Result "0-1"]
[WhiteElo "2285"]
[BlackElo "2608"]
[TimeControl "180+1"]
[EndTime "11:55:33 PDT"]
[Termination "Skatchkov_V won by resignation"]

1. e4 e5 2. Nf3 Nf6 3. Nc3 Nc6 4. g3 d5 5. exd5 Nxd5 6. Bg2 Bc5 7. O-O O-O 8. Re1 Nxc3 9. bxc3 Qf6 10. d3 Bg4 11. h3 Bh5 12. g4 Bg6 13. Bg5 Qd6 14.
Nd2 f5 15. Be3 fxg4 16. Qxg4 Bxe3 17. Rxe3 Rf4 18. Qg3 Raf8 19. Rb1 b6 20. Ne4 Qe6 21. c4 Nd4 22. Ng5 Qf6 23. Bd5+ Kh8 24. c3 Nf5 25. Qg2 Nxe3 26. fxe3 Rf2 27. Nf7+ Rxf7 28. Bxf7 Rxg2+ 29. Kxg2 Qxf7 30. Rf1 Qe7 31. e4 h6 32. h4 Qa3 33.
Kg3 Qxc3 34. Rf8+ Kh7 35. Rc8 Qxd3+ 36. Kf2 Bxe4 0-1

[Event "*** SCC Grand Prix: Titled Tuesday Blitz"]
[Site "Chess.com"]
[Date "2020.09.29"]
[Round "10"]
[White "A-S-00"]
[Black "geordie_derraugh"]
[Result "1/2-1/2"]
[WhiteElo "2273"]
[BlackElo "2393"]
[TimeControl "180+1"]
[EndTime "11:55:35 PDT"]
[Termination "Game drawn by repetition"]

1. d4 Nf6 2. c4 e6 3. Nf3 Bb4+ 4. Bd2 a5 5. g3 O-O 6. Bg2 d5 7. O-O dxc4 8. Qc2 Bxd2 9. Nbxd2 b5 10. Rfd1 Bb7 11. e4 Na6 12. e5 Nb4 13. Qb1 Nfd5 14. Ne4 Nd3 15. b3 N5f4 16. gxf4 Bxe4 17. bxc4 Nxf2 18.
Qxb5 Nxd1 19. Rxd1 c6 20. Qb2 Rb8 21. Qe2 Bf5 22. Qf2 Rb4 23. Nd2 c5 24. d5 Rb2 25.
Qxc5 Bg4 26. Qd4 Rxa2 27. Nf3 Qb8 28. d6 Qb3 29. Rf1 Qc2 30. Rf2 Qb1+ 31. Rf1 Qc2 32. Rf2 Qc1+ 33. Rf1 Qc2 1/2-1/2

[Event "*** SCC Grand Prix: Titled Tuesday Blitz"]
[Site "Chess.com"]
[Date "2020.09.29"]
[Round "10"]
[White "IngOscarArdila"]
[Black "leoduarte"]
[Result "0-1"]
[WhiteElo "2154"]
[BlackElo "2302"]
[TimeControl "180+1"]
[EndTime "11:55:36 PDT"]
[Termination "leoduarte won by resignation"]

1. d4 Nf6 2. c4 c5 3. d5 b5 4. cxb5 a6 5. bxa6 g6 6. Nc3 Bg7 7. e4 O-O 8. Nf3 Qa5 9. Bd2 Bxa6 10. Be2 Bxe2 11. Qxe2 d6 12. O-O Qa6 13. Qxa6 Nxa6 14. a4 Nc7 15. Ra2 Rfb8 16. Rb1 Nd7 17. b3 Rb4 18. Ne1 Bxc3 19. Bxc3 Rxe4 20. Rd2 Nb6 21.
Rbd1 Nbxd5 22. Rxd5 Nxd5 23. Rxd5 Rb8 24. f3 Re2 25. Kf1 Ra2 26. Rd2 Rxd2 27. Bxd2 Rxb3 28. Ke2 Kf8 29. Kd1 Ke8 30. Kc2 Ra3 31. a5 Ra2+ 32.
Kc3 Rxa5 33. Nc2 Kd7 34. Ne3 Kc6 35. Kb3 Ra8 36. Kc2 d5 37. h4 e5 38. Ng4 Kd6 39. Nf6 Ra2+ 40. Kd1 d4 41. Nxh7 c4 42. Ng5 f5 43. Bb4+ Kd5 44. g4 fxg4 45. fxg4 c3 46.
h5 gxh5 47. gxh5 Kc4 48. Bd6 d3 49. Ke1 d2+ 50. Ke2 Ra1 0-1

[Event "*** SCC Grand Prix: Titled Tuesday Blitz"]
[Site "Chess.com"]
[Date "2020.09.29"]
[Round "10"]
[White "lelya96"]
[Black "AttilaTurzo"]
[Result "0-1"]
[WhiteElo "2194"]
[BlackElo "2397"]
[TimeControl "180+1"]
[EndTime "11:55:36 PDT"]
[Termination "AttilaTurzo won by resignation"]

1. e4 c5 2. Nf3 Nc6 3. Bb5 g6 4.
Bxc6 dxc6 5. O-O Bg7 6. d3 Nf6 7. Nc3 O-O 8. Be3 Nd7 9. a3 a5 10. d4 cxd4 11. Bxd4 e5 12. Be3 Qc7 13. h3 Rd8 14.
Qe2 Nf8 15. Rfd1 Be6 16. Na4 Rxd1+ 17. Rxd1 Nd7 18. Nc5 Nxc5 19. Bxc5 f6 20. Qe3 Rd8 21. Rd3 Rxd3 22. Qxd3 b6 23. Be3 Bf8 24. Nd2 b5 25. Nb3 Bc4 26. Qc3 a4 27. Nd2 Be6 28. Qd3 Qd7 29. Qxd7 Bxd7 30. c4 Be6 31. cxb5 cxb5 32.
f3 b4 33. axb4 Bxb4 34. Nb1 f5 35. Na3 Kf7 36. Kf2 fxe4 37. fxe4 Bb3 38. Bb6 Ke6 39. Ke3 Be1 40. Ke2 Bg3 41. Kf3 Bf4 42. Ke2 Bc1 43. Nb5 Bxb2 44. Bc5 Bc4+ 0-1